Workbook

Sheet SUMMARY
A1: PROJECT NAME: | C1: START DATE:
A2: CONTRACTOR: | C2: END DATE:
A3: CONTRACT #:
A4: PO NUMBER: | C4: Number of connections
A5: SUMMARY PAGE | C5: =BOQ!H276+BOQ!H277+BOQ!H278 -> 0
A6: SECTION | B6: DESCRIPTION | C6: GRAND TOTAL
A7: A | B7: PRELIMINARIES AND GENERAL | C7: =BOQ!K8 -> 0
A8: B | B8: =BOQ!C9 -> BUSH CLEARING & TREE FELLING | C8: =BOQ!K13 -> 0
A9: C | B9: =VLOOKUP(SUMMARY!A9,BOQ!_xlnm.Print_Area,3,FALSE) -> EXCAVATIONS | C9: =BOQ!K82 -> 0
A10: D | B10: =VLOOKUP(SUMMARY!A10,BOQ!_xlnm.Print_Area,3,FALSE) -> PLANTING OF POLES | C10: =BOQ!K166 -> 0
A11: E | B11: =BOQ!#REF! -> #REF! | C11: =BOQ!K176 -> 0
A12: F | B12: =VLOOKUP(SUMMARY!A12,BOQ!_xlnm.Print_Area,3,FALSE) -> ASSEMBLE SINGLE PHASE LV STRUCTURES | C12: =BOQ!K210 -> 0
A13: G | B13: =VLOOKUP(SUMMARY!A13,BOQ!_xlnm.Print_Area,3,FALSE) -> ASSEMBLE LV STAYS | C13: =BOQ!K217 -> 0
A14: H | B14: =VLOOKUP(SUMMARY!A14,BOQ!_xlnm.Print_Area,3,FALSE) -> POLE TOP BOX INSTALLATION | C14: =BOQ!K231 -> 0
A15: I | B15: =VLOOKUP(SUMMARY!A15,BOQ!_xlnm.Print_Area,3,FALSE) -> CONDUCTOR STRINGING (TENSION, REGULATE & BIND IN) | C15: =BOQ!K244 -> 0
A16: J | B16: =VLOOKUP(SUMMARY!A16,BOQ!_xlnm.Print_Area,3,FALSE) -> EQUIPMENT INSTALLATION | C16: =BOQ!K273 -> 0
A17: K | B17: =VLOOKUP(SUMMARY!A17,BOQ!_xlnm.Print_Area,3,FALSE) -> SERVICE CONNECTION INSTALLATION | C17: =BOQ!K299 -> 0
A18: L | B18: =VLOOKUP(SUMMARY!A18,BOQ!_xlnm.Print_Area,3,FALSE) -> Service Conductor Installation: Accessories for Service Conductor installation shall include installation of pigtails, bolts, strain clamps, threaded rod, cable saddles, stringging of all types of service cable. Installation of poles and its accessories are measured elsewhere | C18: =BOQ!K307 -> 0
A19: M | B19: Underground Cable Installation: | C19: =BOQ!K354 -> 0
A20: N | B20: SERVICE CONDUCTOR INSTALLATION | C20: =BOQ!K368 -> 0
A21: O | B21: UNDERGROUND CABLE INSTALLATION | C21: =BOQ!K386 -> 0
A22: P | B22: =VLOOKUP(SUMMARY!A22,BOQ!_xlnm.Print_Area,3,FALSE) -> EQUIPMENT DISMANTLING | C22: =BOQ!K406 -> 0
A23: Q | B23: =VLOOKUP(SUMMARY!A23,BOQ!_xlnm.Print_Area,3,FALSE) -> LABELLING | C23: =BOQ!K410 -> 0
A24: R | B24: =VLOOKUP(SUMMARY!A24,BOQ!_xlnm.Print_Area,3,FALSE) -> EQUIPMENT TESTING | C24: =BOQ!K421 -> 0
A25: S | B25: =VLOOKUP(SUMMARY!A25,BOQ!_xlnm.Print_Area,3,FALSE) -> AS - BUILTS | C25: =BOQ!K425 -> 0
A26: T | B26: =TRANSPORT!B7 -> TRANSPORT | C26: =TRANSPORT!F19 -> 0
A27: U | B27: ='ADHOC MATERIAL'!B5 -> Adhoc material | C27: ='ADHOC MATERIAL'!F9 -> 0
A28: TOTAL EXCLUDING 15% VAT | C28: =SUM(C7:C27) -> 0
A29: 15% VAT | C29: =C28*0.15 -> 0
A30: TOTAL INCLUDING 15% VAT | C30: =SUM(C28:C29) -> 0
A31: COST PER CONNECTION | C31: =C30/C5 -> 0
A32: VERIFIED BY: CLERK OF WORKS
A33: COST CHECK BY: QUANTITY SURVEYOR
A34: ACCEPTED BY: CONTRACTOR
A35: APPROVED BY: PROGRAM MANAGER

Sheet Ps & Gs
C3: 1 | E3: Site Establishment | F3: UOM | G3: Qty | H3: Rate | I3: Total
C4: 1.1 | E4: Risk Assessment Procedure,Quality Management System, Health and Safety Management, Safety Inspections, PPE,Environmental Management and Site Maintenance, OHSA appointments, Non-Conformance Process to be available in project file. Total Labour Value | F4: %
C5: 1.2 | E5: Overheads for project (This includes site establishment, office overheads, administration cost, etc) Total Labour Value | F5: %
C6: 1.3 | E6: De-establishment & Rehabilitation of Site | F6: Sum
C7: 1.4 | E7: CLO | F7: Month
C8: 1.5 | E8: Parttime Health and Safety Officer as per Construction Regulations, registered with SACPMP | F8: Per/day
C9: 1.6 | E9: Responsible person | F9: Per/day
C10: 1.7 | E10: Security | F10: Per Guard / per week
E11: Subtotal carried to summary | I11: =SUM(I4:I10) -> 0

Sheet BOQ
A1: PROJECT NAME: | C1: START DATE:
A2: CONTRACTOR: | C2: END DATE:
A3: CONTRACT #:
A4: PO NUMBER:
A5: BILL OF ACTIVITIES
A6: ITEM | B6: REFERENCE DRAWING | C6: DESCRIPTION | D6: UNIT | E6: SUPPLY QTY | F6: SUPPLY RATE | G6: SUPPLY TOTAL | H6: LABOUR QTY | I6: LABOUR RATE | J6: LABOUR TOTAL | K6: GRAND TOTAL | L6: Comments
A7: A | C7: PRELIMINARY AND GENERAL ITEMS | K7: ='Ps & Gs'!I11 -> 0
A8: SUB-TOTAL A | K8: =SUM(K7) -> 0
A9: B | C9: BUSH CLEARING & TREE FELLING
A10: In the event where the contractor is required to cut, remove and clear trees on site. This activity shall be used to execute such work provided that the quotation submited is from a contractor who meets all the necessary requirements for Bush Clearing plus fee. | I10: COST PLUS fee
A11: 1 | C11: Bush Clearing and Tree Felling (Scattered Formation) | D11: m | J11: =I11*J10 -> 0 | K11: =I11+J11 -> 0
A12: 2 | C12: Bush Clearing and Tree Felling (Dense Formation) | D12: m2 | J12: =I12*J10 -> 0 | K12: =I12+J12 -> 0
A13: SUB-TOTAL B | K13: =SUM(K11:K12) -> 0
A14: C | C14: EXCAVATIONS
A15: Excavate only as per Eskom Standard for Holes and Trenches for Poles, Stays and Struts. All material will be elsewhere measured.
A16: 1 | C16: STAYS & STRUTS
A17: 1.1 | B17: D-DT-0350 | C17: LV Stay Back-Actor or Hand | D17: Each | J17: =SUM(H17*I17) -> 0 | K17: =SUM(G17+J17) -> 0
A18: 1.2 | B18: D-DT-0350 | C18: LV Stay auger | D18: Each | J18: =SUM(H18*I18) -> 0 | K18: =SUM(G18+J18) -> 0
A19: 1.3 | B19: D-DT-0350 | C19: LV Strut Back-Actor or Hand | D19: Each | J19: =SUM(H19*I19) -> 0 | K19: =SUM(G19+J19) -> 0
A20: 1.4 | B20: D-DT-0350 | C20: LV Strut auger | D20: Each | J20: =SUM(H20*I20) -> 0 | K20: =SUM(G20+J20) -> 0
A21: 1.5 | B21: D-DT-0337 | C21: LV Short Strut Back-Actor or Hand | D21: Each | J21: =SUM(H21*I21) -> 0 | K21: =SUM(G21+J21) -> 0
A22: 1.6 | B22: D-DT-0337 | C22: LV Short Strut auger | D22: Each | J22: =SUM(H22*I22) -> 0 | K22: =SUM(G22+J22) -> 0
A23: 1.7 | B23: D-DT-0350 | C23: MV Stay Back-Actor or Hand | D23: Each | J23: =SUM(H23*I23) -> 0 | K23: =SUM(G23+J23) -> 0 | L23: Incase work is executed on shared structure
A24: 1.8 | B24: D-DT-0350 | C24: MV Stay auger | D24: Each | J24: =SUM(H24*I24) -> 0 | K24: =SUM(G24+J24) -> 0
A25: 1.9 | B25: D-DT-0350 | C25: MV Strut Back-Actor or Hand | D25: Each | J25: =SUM(H25*I25) -> 0 | K25: =SUM(G25+J25) -> 0
A26: 1.1 | B26: D-DT-0350 | C26: MV Strut auger | D26: Each | J26: =SUM(H26*I26) -> 0 | K26: =SUM(G26+J26) -> 0
A27: 2 | C27: WOOD POLES
A28: 2.1 | B28: D-DT-0330 | C28: 5m Pole Wood Back-Actor or Hand (1.0m Deep) | D28: Each | J28: =SUM(H28*I28) -> 0 | K28: =SUM(G28+J28) -> 0
A29: 2.2 | B29: D-DT-0330 | C29: 5m Pole Wood auger (1.0m Deep) | D29: Each | J29: =SUM(H29*I29) -> 0 | K29: =SUM(G29+J29) -> 0
A30: 2.3 | B30: D-DT-0330 | C30: 5m Pole Wood Hard Rock Drilling (1.0m Deep) | D30: Each | J30: =SUM(H30*I30) -> 0 | K30: =SUM(G30+J30) -> 0
A31: 2.4 | B31: D-DT-0330 | C31: 5m Pole Wood Back-Actor or Hand (1.5m Deep) | D31: Each | J31: =SUM(H31*I31) -> 0 | K31: =SUM(G31+J31) -> 0
A32: 2.5 | B32: D-DT-0330 | C32: 5m Pole Wood auger (1.5m Deep) | D32: Each | J32: =SUM(H32*I32) -> 0 | K32: =SUM(G32+J32) -> 0
A33: 2.6 | B33: D-DT-0330 | C33: 5m Pole Wood Hard Rock Drilling (1.5m Deep) | D33: Each | J33: =SUM(H33*I33) -> 0 | K33: =SUM(G33+J33) -> 0
A34: 2.7 | B34: D-DT-0330 | C34: 7m Pole Wood Back-Actor or Hand (1.3m Deep) | D34: Each | J34: =SUM(H34*I34) -> 0 | K34: =SUM(G34+J34) -> 0
A35: 2.8 | B35: D-DT-0330 | C35: 7m Pole Wood auger (1.3m Deep) | D35: Each | J35: =SUM(H35*I35) -> 0 | K35: =SUM(G35+J35) -> 0
A36: 2.9 | B36: D-DT-0330 | C36: 7m Pole Wood Hard Rock Drilling (1.3m Deep) | D36: Each | J36: =SUM(H36*I36) -> 0 | K36: =SUM(G36+J36) -> 0
A37: 2.13 | B37: D-DT-0330 | C37: 9m Pole Wood Back-Actor or Hand (1.5m Deep) | D37: Each | J37: =SUM(H37*I37) -> 0 | K37: =SUM(G37+J37) -> 0
A38: 2.14 | B38: D-DT-0330 | C38: 9m Pole Wood auger (1.5m Deep) | D38: Each | J38: =SUM(H38*I38) -> 0 | K38: =SUM(G38+J38) -> 0
A39: 2.15 | B39: D-DT-0330 | C39: 9m Pole Wood Hard Rock Drilling (1.5m Deep) | D39: Each | J39: =SUM(H39*I39) -> 0 | K39: =SUM(G39+J39) -> 0
... A45: 2.21 | B45: D-DT-0330 | C45: 11m Pole Wood Hard Rock Drilling (1.8m Deep) | D45: Each | J45: =SUM(H45*I45) -> 0 | K45: =SUM(G45+J45) -> 0
A46: 3 | C46: CONCRETE POLES
A47: 3.1 | B47: D-DT-0330 | C47: 11m Pole Concrete Back-Actor or Hand (1.8m Deep) | D47: Each | J47: =SUM(H47*I47) -> 0 | K47: =SUM(G47+J47) -> 0
A48: 3.2 | B48: D-DT-0330 | C48: 11m Pole Concrete auger (1.8m Deep) | D48: Each | J48: =SUM(H48*I48) -> 0 | K48: =SUM(G48+J48) -> 0
A49: 3.3 | B49: D-DT-0330 | C49: 11m Pole Concrete Hard Rock Drilling (1.8m Deep) | D49: Each | J49: =SUM(H49*I49) -> 0 | K49: =SUM(G49+J49) -> 0
A50: 4 | C50: Heavy Conductor Wood Poles
A51: 4.1 | B51: D-DT-0330 | C51: 11m Pole Back-Actor or Hand - 1800mm Deep x 700mm Diameter | D51: Each | J51: =SUM(H51*I51) -> 0 | K51: =SUM(G51+J51) -> 0
A52: 4.2 | B52: D-DT-0330 | C52: 11m Pole Back-Actor or Hand - 1800mm Deep x 800mm Diameter | D52: Each | J52: =SUM(H52*I52) -> 0 | K52: =SUM(G52+J52) -> 0
A53: 4.3 | B53: D-DT-0330 | C53: 11m Pole Back-Actor or Hand - 1800mm Deep x 1000mm Diameter | D53: Each | J53: =SUM(H53*I53) -> 0 | K53: =SUM(G53+J53) -> 0
A54: 4.4 | B54: D-DT-0330 | C54: 11m Pole Back-Actor or Hand - 1800mm Deep x 1000mm Diameter - Add 6 Pockets of Cement to Moistened Excavated Soil | D54: Each | J54: =SUM(H54*I54) -> 0 | K54: =SUM(G54+J54) -> 0
A55: 4.5 | B55: D-DT-0330 | C55: 11m Pole Back-Actor or Hand - 1800mm Deep x 1000mm Diameter - Clay and Turf - Add 8 Pockets of Cement to Moistened Imported Soil | D55: Each | J55: =SUM(H55*I55) -> 0 | K55: =SUM(G55+J55) -> 0
A56: 4.6 | B56: D-DT-0330 | C56: 11m Pole Back-Actor or Hand - 1800mm Deep x 1200mm Diameter - Add 6 Pockets of Cement to Moistened Excavated Soil | D56: Each | J56: =SUM(H56*I56) -> 0 | K56: =SUM(G56+J56) -> 0
A57: 4.7 | B57: D-DT-0330 | C57: 11m Pole Back-Actor or Hand - 1800mm Deep x 1200mm Diameter - Clay and Turf - Add 8 Pockets of Cement to Moistened Imported Soil | D57: Each | J57: =SUM(H57*I57) -> 0 | K57: =SUM(G57+J57) -> 0
A58: 4.8 | B58: D-DT-0330 | C58: 11m Pole Back-Actor or Hand - 1800mm Deep x 1800mm Diameter - Add 6 Pockets of Cement to Moistened Excavated Soil | D58: Each | J58: =SUM(H58*I58) -> 0 | K58: =SUM(G58+J58) -> 0
A59: 4.9 | B59: D-DT-0330 | C59: 11m Pole Back-Actor or Hand - 1800mm Deep x 1800mm Diameter - Clay and Turf - Add 8 Pockets of Cement to Moistened Imported Soil | D59: Each | J59: =SUM(H59*I59) -> 0 | K59: =SUM(G59+J59) -> 0
A60: 4.1 | B60: D-DT-0330 | C60: 11m Pole Back-Actor or Hand - 1800mm Deep x 1800mm Diameter - Add 12 Pockets of Cement to Moistened/Imported Excavated Soil | D60: Each | J60: =SUM(H60*I60) -> 0 | K60: =SUM(G60+J60) -> 0
A61: 4.11 | B61: D-DT-0330 | C61: 11m Pole Back-Actor or Hand - 1800mm Deep x 2000mm Diameter - Add 12 Pockets of Cement to Moistened/Imported Excavated Soil | D61: Each | J61: =SUM(H61*I61) -> 0 | K61: =SUM(G61+J61) -> 0
A62: 4.12 | B62: D-DT-0330 | C62: 11m Pole Back-Actor or Hand - 1800mm Deep x 2200mm Diameter - Add 12 Pockets of Cement to Moistened/Imported Excavated Soil | D62: Each | J62: =SUM(H62*I62) -> 0 | K62: =SUM(G62+J62) -> 0
A63: 4.13 | B63: D-DT-0330 | C63: 11m Pole Back-Actor or Hand - 1800mm Deep x 2500mm Diameter - Add 12 Pockets of Cement to Moistened/Imported Excavated Soil | D63: Each | J63: =SUM(H63*I63) -> 0 | K63: =SUM(G63+J63) -> 0
A64: 5 | C64: Heavy Conductor Concrete Poles
A65: 5.1 | B65: D-DT-0330 | C65: 11m Pole Back-Actor or Hand - 1800mm Deep x 700mm Diameter | D65: Each | J65: =SUM(H65*I65) -> 0 | K65: =SUM(G65+J65) -> 0
A66: 5.2 | B66: D-DT-0330 | C66: 11m Pole Back-Actor or Hand - 1800mm Deep x 900mm Diameter | D66: Each | J66: =SUM(H66*I66) -> 0 | K66: =SUM(G66+J66) -> 0
A67: 5.3 | B67: D-DT-0330 | C67: 11m Pole Back-Actor or Hand - 1800mm Deep x 1000mm Diameter | D67: Each | J67: =SUM(H67*I67) -> 0 | K67: =SUM(G67+J67) -> 0
A68: 5.4 | B68: D-DT-0330 | C68: 11m Pole Back-Actor or Hand - 1800mm Deep x 1200mm Diameter - Add 6 Pockets of Cement to Moistened Excavated Soil | D68: Each | J68: =SUM(H68*I68) -> 0 | K68: =SUM(G68+J68) -> 0
A69: 5.5 | B69: D-DT-0330 & 240-758831148 | C69: 11m Pole Back-Actor or Hand - 1800mm Deep x 1200mm Diameter - Clay and Turf - Add 8 Pockets of Cement to Moistened Imported Soil | D69: Each | J69: =SUM(H69*I69) -> 0 | K69: =SUM(G69+J69) -> 0
A70: 5.6 | B70: D-DT-0330 | C70: 11m Pole Back-Actor or Hand - 1800mm Deep x 1250mm Diameter - Add 6 Pockets of Cement to Moistened Excavated Soil | D70: Each | J70: =SUM(H70*I70) -> 0 | K70: =SUM(G70+J70) -> 0
A71: 5.7 | B71: D-DT-0330 & 240-758831148 | C71: 11m Pole Back-Actor or Hand - 1800mm Deep x 1250mm Diameter - Clay and Turf - Add 8 Pockets of Cement to Moistened Imported Soil | D71: Each | J71: =SUM(H71*I71) -> 0 | K71: =SUM(G71+J71) -> 0
A72: 5.8 | B72: D-DT-0330 | C72: 11m Pole Back-Actor or Hand - 1800mm Deep x 1500mm Diameter | D72: Each | J72: =SUM(H72*I72) -> 0 | K72: =SUM(G72+J72) -> 0
A73: 5.9 | B73: D-DT-0330 | C73: 11m Pole Back-Actor or Hand - 1800mm Deep x 1500mm Diameter - Add 6 Pockets of Cement to Moistened Excavated Soil | D73: Each | J73: =SUM(H73*I73) -> 0 | K73: =SUM(G73+J73) -> 0
A74: 5.1 | B74: D-DT-0330 & 240-758831148 | C74: 11m Pole Back-Actor or Hand - 1800mm Deep x 1500mm Diameter - Clay and Turf - Add 8 Pockets of Cement to Moistened Imported Soil | D74: Each | J74: =SUM(H74*I74) -> 0 | K74: =SUM(G74+J74) -> 0
A75: 5.11 | B75: D-DT-0330 | C75: 11m Pole Back-Actor or Hand - 1800mm Deep x 2000mm Diameter - Add 6 Pockets of Cement to Moistened Excavated Soil | D75: Each | J75: =SUM(H75*I75) -> 0 | K75: =SUM(G75+J75) -> 0
A76: 5.12 | B76: D-DT-0330 & 240-758831148 | C76: 11m Pole Back-Actor or Hand - 1800mm Deep x 2000mm Diameter - Clay and Turf - Add 8 Pockets of Cement to Moistened Imported Soil | D76: Each | J76: =SUM(H76*I76) -> 0 | K76: =SUM(G76+J76) -> 0
... A79: 5.15 | B79: D-DT-0330 & 240-758831148 | C79: 11m Pole Back-Actor or Hand - 1800mm Deep x 3000mm Diameter - Add 12 Pockets of Cement to Moistened/Imported Excavated Soil | D79: Each | J79: =SUM(H79*I79) -> 0 | K79: =SUM(G79+J79) -> 0
A80: 6 | C80: Free Standing Poles
A81: 6.1 | B81: 2-WT/0000 | C81: 9m Pole Free Standing 18kN Back-Actor or Hand (1.5m Deep) - Soil Type 1 & 2 | D81: Each | J81: =SUM(H81*I81) -> 0 | K81: =SUM(G81+J81) -> 0
A82: SUB-TOTAL C | K82: =SUM(K17:K81) -> 0
A83: D | C83: PLANTING OF POLES
A84: Planting including backfilling and compaction are measured here. The costs are also inclusive of plant and equipment required to plant the Structures. Stay, Struts and Flying Stay are elsewhere measured. All backfill material included in price
A85: 1 | C85: Soil Type 1
A86: 1.1 | B86: D-DT-0058 | C86: 5m Wooden Pole 80-100mm Top Diameter Soil Type 1 | D86: Each | J86: =SUM(H86*I86) -> 0 | K86: =SUM(G86+J86) -> 0
A87: 1.2 | B87: D-DT-0058 | C87: 5m Wooden Pole 80-100mm Top Diameter Soil Type 2 | D87: Each | J87: =SUM(H87*I87) -> 0 | K87: =SUM(G87+J87) -> 0
A88: 1.3 | B88: D-DT-0058 | C88: 5m Wooden Pole 80-100mm Top Diameter Soil Type 3 | D88: Each | J88: =SUM(H88*I88) -> 0 | K88: =SUM(G88+J88) -> 0
A89: 1.4 | B89: D-DT-0058 | C89: 5m Wooden Pole 80-100mm Top Diameter Soil Type 4 | D89: Each | J89: =SUM(H89*I89) -> 0 | K89: =SUM(G89+J89) -> 0
A90: 1.9 | B90: D-DT-0050 | C90: 7m Wooden Pole 100-120mm Top Diameter Soil Type 1 | D90: Each | J90: =SUM(H90*I90) -> 0 | K90: =SUM(G90+J90) -> 0
A91: 1.1 | B91: D-DT-0050 | C91: 7m Wooden Pole 100-120mm Top Diameter Soil Type 2 | D91: Each | J91: =SUM(H91*I91) -> 0 | K91: =SUM(G91+J91) -> 0
A92: 1.11 | B92: D-DT-0050 | C92: 7m Wooden Pole 100-120mm Top DiameterSoil Type 3 | D92: Each | J92: =SUM(H92*I92) -> 0 | K92: =SUM(G92+J92) -> 0
A93: 1.12 | B93: D-DT-0050 | C93: 7m Wooden Pole 100-120mm Top Diameter Soil Type 4 | D93: Each | J93: =SUM(H93*I93) -> 0 | K93: =SUM(G93+J93) -> 0
A94: 1.13 | B94: D-DT-0050 | C94: 7m Wooden Pole 120-139mm Top Diameter Soil Type 1 | D94: Each | J94: =SUM(H94*I94) -> 0 | K94: =SUM(G94+J94) -> 0
A95: 1.14 | B95: D-DT-0050 | C95: 7m Wooden Pole 120-139mm Top Diameter Soil Type 2 | D95: Each | J95: =SUM(H95*I95) -> 0 | K95: =SUM(G95+J95) -> 0
A96: 1.15 | B96: D-DT-0050 | C96: 7m Wooden Pole 120-139mm Top DiameterSoil Type 3 | D96: Each | J96: =SUM(H96*I96) -> 0 | K96: =SUM(G96+J96) -> 0
A97: 1.16 | B97: D-DT-0050 | C97: 7m Wooden Pole 120-139mm Top Diameter Soil Type 4 | D97: Each | J97: =SUM(H97*I97) -> 0 | K97: =SUM(G97+J97) -> 0
... A161: 1.84 | B161: D-DT-0051 | C161: 11m Wooden Pole 200-219mm Top Diameter H4 Soil Type 4 | D161: Each | J161: =SUM(H161*I161) -> 0 | K161: =SUM(G161+J161) -> 0
A162: 2 | C162: Concrete Poles | I162: 0
A163: 2.1 | B163: D-DT-0017 | C163: 11m Concrete Pole 10kN Ultimate Load | D163: Each | J163: =SUM(H163*I163) -> 0 | K163: =SUM(G163+J163) -> 0
A164: 3 | C164: Free Standing(Unsupported) | I164: 0
A165: 3.1 | B165: PA09599B01 | C165: 9m Concrete Pole 18kN | D165: Each | J165: =SUM(H165*I165) -> 0 | K165: =SUM(G165+J165) -> 0
A166: SUB-TOTAL D | K166: =SUM(K86:K165) -> 0
A167: E | C167: ASSEMBLE MV/LVSTAYS
A168: Supply and install stays, flying stays, struts Hip Stay including backfilling & compaction. Accessories include staywire, stayrods, stay plates, soil anchors, stay insulators, guy grips stay mounting brackets, mounting hardware, anti climbing devices, stayguards and danger labels. Poles and excavations are measured elsewhere. The installation and erection of strut poles are measured here. All hardware purchased will be paid elsewhere as cost plus fee.
A169: 1.1 | B169: D-DT-0341 | C169: Make-Off Convential Stay | D169: Each | G169: =SUM(E169*F169) -> 0 | J169: =SUM(H169*I169) -> 0 | K169: =SUM(G169+J169) -> 0
A170: 1.2 | B170: D-DT-0343 | C170: Make-Off Flying Stay | D170: Each | G170: =SUM(E170*F170) -> 0 | J170: =SUM(H170*I170) -> 0 | K170: =SUM(G170+J170) -> 0
...

Sheet TRANSPORT
A1: PROJECT NAME: | C1: START DATE:
A2: CONTRACTOR: | C2: END DATE:
A3: CONTRACT #:
A4: PO NUMBER:
A5: BILL OF ACTIVITIES
A6: ITEM | B6: DESCRIPTION | C6: UNIT | D6: LABOUR QTY | E6: LABOUR RATE | F6: LABOUR TOTAL
A7: T | B7: TRANSPORT
A8: Unless otherwise specified, transport is to be used under specific instruction from the Project Manager only. This excludes staff transport. Staff transport is to be paid to transport workers from base location to site only. LDV/4x4 will only be paid for justifiable use and will be to the sole discretion of the Project Manager
A9: 1.1 | B9: LDV 4x2 | C9: km | F9: =D9*E9 -> 0
A10: 1.2 | B10: LDV/4x4 | C10: km | F10: =D10*E10 -> 0
A11: 1.3 | B11: Personnel Transport for Staff | C11: km | F11: =D11*E11 -> 0
A12: 1.4 | B12: 10 m³ Tipper Truck | C12: km | F12: =D12*E12 -> 0
A13: 1.5 | B13: 6 m³ Tipper Truck | C13: km | F13: =D13*E13 -> 0
A14: 1.6 | B14: Transport Truck 2-4 ton | C14: km | F14: =D14*E14 -> 0
A15: 1.7 | B15: Transport Truck 5-8 ton | C15: km | F15: =D15*E15 -> 0
A16: 1.8 | B16: Transport Truck 5-8 ton with crane | C16: km | F16: =D16*E16 -> 0
A17: 1.9 | B17: Transport Truck 9-14 ton | C17: km | F17: =D17*E17 -> 0
A18: 1.1 | B18: Transport Truck 9-14 ton with crane | C18: km | F18: =D18*E18 -> 0
A19: SUB-TOTAL T | F19: =SUM(F9:F18) -> 0
A20: VERIFIED BY: CLERK OF WORKS | C20: DATE:
A21: COST CHECK BY: QUANTITY SURVEYOR | C21: DATE:
A22: ACCEPTED BY: CONTRACTOR | C22: DATE:
A23: APPROVED BY: PROGRAM MANAGER | C23: DATE:

Sheet ADHOC MATERIAL
A1: PROJECT NAME: | B1: START DATE:
A2: CONTRACTOR: | B2: END DATE:
A3: CONTRACT #:
A4: PO NUMBER:
A5: ITEM: W | B5: Adhoc material | C5: SCOPE
B6: DESCRIPTION | C6: % | D6: Price before VAT | E6: Cost + | F6: Total
A7: This schedule is used to assist with all the adhoc material that is purchased on the request of the PM/PC. A 5% handling fee will be compensated to the contractor for the amount before VAT
A8: 1.1 | B8: Material bought | D8: 0 | E8: =C8*D8 -> 0 | F8: =SUM(E8,D8) -> 0
B9: TOTAL - W | F9: =SUM(F8:F8) -> 0
A10: VERIFIED BY: CLERK OF WORKS | C10: DATE:
A11: COST CHECK BY: QUANTITY SURVEYOR | C11: DATE:
A12: ACCEPTED BY: CONTRACTOR | C12: DATE:
A13: APPROVED BY: PROGRAM MANAGER | C13: DATE:
